 Dungeon Crawl Stone Soup version 0.30.2 (webtiles) character file.

Game seed: 12303679118440508379

29 porpoise the Poker (level 3, 0/28 HPs)
             Began as a Demonspawn Gladiator on Jan 25, 2024.
             Slain by a goblin
             ... wielding a +0 club
              (6 damage)
             ... on level 2 of the Dungeon.
             The game lasted 00:03:53 (855 turns).

porpoise the Poker (Demonspawn Gladiator)            Turns: 855, Time: 00:03:54

Health: 0/28       AC:  4    Str: 16    XL:     3   Next: 1%
Magic:  3/3        EV: 12    Int:  9    God:
Gold:   7          SH:  0    Dex: 14    Spells: 2/2 levels left

rFire   . . .        a - +0 trident
rCold   . . .        (no shield)
rNeg    . . .        b - +0 leather armour
rPois   .            c - +0 helmet
rElec   .            (no cloak)
rCorr   .            (no gloves)
SInv    .            (no boots)
Will    .....        (no amulet)
Stlth   +            (no ring)
HPRegen 0.24/turn    (no ring)
MPRegen 0.08/turn

%: no passive effects
@: no status effects
A: demonic magic 1, weakness stinger 1
a: no special abilities


You were on level 2 of the Dungeon.
You visited 1 branch of the dungeon, and saw 2 of its levels.

You collected 77 gold pieces.
You spent 70 gold pieces at shops.

Inventory:

Hand Weapons
 a - a +0 trident (weapon)
Missiles
 d - 3 throwing nets (quivered)
 e - a javelin
Armour
 b - a +0 leather armour (worn)
 c - a +0 helmet (worn)
Scrolls
 g - a scroll of identify
 h - a scroll of enchant weapon {unknown}
 k - a scroll of teleportation {unknown}
Potions
 f - a potion of resistance
 i - a potion of curing
 j - a potion of heal wounds


   Skills:
 + Level 2.5 Fighting
 * Level 3.5 Polearms
 - Level 1.7 Throwing
 - Level 2.6 Dodging


You had 2 spell levels left.
You didn't know any spells.
Your spell library was empty.

Dungeon Overview and Level Annotations

Branches:
Dungeon (2/15)

Altars:

Shops:
D:1 *(([

Annotations:
D:2 Robin


Innate Abilities, Weirdness & Mutations

Spells you cast may paralyse adjacent enemies.
You have a small tail.


Message History

You closely miss the hobgoblin.
The hobgoblin is heavily wounded.
The bat hits you but does no damage. The bat closely misses you.
The rat barely misses you. The hobgoblin barely misses you.
You closely miss the hobgoblin.
The hobgoblin is heavily wounded.
The hobgoblin closely misses you. The rat bites you but does no damage.
The goblin closely misses you.
The hobgoblin hits you but does no damage.
You barely miss the hobgoblin.
The hobgoblin is heavily wounded.
The endoplasm freezes you.
You are frozen.
The hobgoblin hits you. The rat misses you. The goblin barely misses you.
The hobgoblin closely misses you.
You hit the hobgoblin.
You kill the hobgoblin!
The bat hits you but does no damage. The endoplasm barely misses you.
The bat closely misses you. The rat barely misses you.
The goblin hits you with a +0 club. The hobgoblin hits you.
The goblin hits you with a +0 club. The endoplasm closely misses you.
A hobgoblin comes into view.
The rat barely misses you. The hobgoblin hits you.
* * * LOW HITPOINT WARNING * * *
You have reached level 3!
Your experience leads to an increase in your attributes!
Increase (S)trength, (I)ntelligence, or (D)exterity?
You feel stronger. x2
You feel monstrous as your demonic heritage exerts itself.
Your demonic ancestry asserts itself...
You grow a small tail.
Robin of the Strong Arm comes into view.
They are wielding a +0 spear.
The goblin attacks as you move away! The goblin closely misses you.
The rat attacks as you move away! The rat bites you but does no damage.
Robin roars a battlecry!
The goblins go into a battle-frenzy!
You hear a shout! x2
There is a stone staircase leading up here.
You hear a shout!
The rat completely misses you. The goblin hits you with a +0 club.
You die...

..... .....
...... ...... #
......######.#g#
.......#.@g....#
.......#grJ..#.#
#...g.b...#
#....>.......
#.....[.......
#....####.##..
#....# .# .
#....# .# .....#


You could see Robin, an endoplasm, 2 hobgoblins, a goblin (strong), a bat and a
rat.

Vanquished Creatures
  6 ball pythons (D:1)
  3 endoplasms (D:1)
  A giant cockroach (D:1)
  A goblin (D:1)
  5 hobgoblins
  2 quokkas (D:1)
  2 bats (D:1)
  A frilled lizard (D:1)
  3 kobolds (D:1)
  3 rats (D:1)
27 creatures vanquished.

Notes
Turn   | Place    | Note
-------+----------+-------------------------------------------
     0 | D:1      | porpoise the Demonspawn Gladiator began the quest for the
                  | Orb.
     0 | D:1      | Reached XP level 1. HP: 16/16 MP: 1/1
    90 | D:1      | Reached skill level 3 in Polearms
   109 | D:1      | Found Gahac's Weapon Emporium.
   134 | D:1      | Gained mutation: Spells you cast may paralyse adjacent
                  | enemies. [demonic ancestry]
   134 | D:1      | Reached XP level 2. HP: 21/22 MP: 2/2
   246 | D:1      | Found Daw For's Antique Weapon Emporium.
   388 | D:1      | Found Gisaumun's General Store.
   425 | D:1      | Bought a potion of heal wounds for 50 gold pieces
   564 | D:1      | Bought a scroll of identify for 20 gold pieces
   608 | D:1      | Found Dounozem's Armour Shoppe.
   853 | D:2      | Discovered your monstrous ancestry.
   853 | D:2      | Gained mutation: You have a small tail. [demonic ancestry]
   853 | D:2      | Reached XP level 3. HP: 6/28 MP: 3/3
   853 | D:2      | Noticed Robin
   855 | D:2      | Slain by a goblin

Illustrated notes

Levels and vault maps discovered:
D:1:      onia_arrival_pyramid, layout_basic, serial_shops, shop, shop,
          nicolae_shop_tiny_waterfront, shop, minmay_misc_feat_rows,
          st_stairs_12, kennysheep_small_spiral
D:2:      layout_basic, basic_altar, uniq_crazy_yiuf_cottage, uniq_robin

Skill      XL: |  1 |
---------------+----+-----
Polearms       | 3 |  3.5
Fighting       | |  2.5
Throwing       | |  1.7
Dodging        | |  2.6

Action                     || total
---------------------------++-------
  Melee: Trident           ||    89
    Use: Scroll            ||     2
 Armour: Leather armour    ||    26
  Dodge: Dodged            ||    64
